 Dungeon Crawl Stone Soup version 0.27.1 (webtiles) character file.

Game seed: 169508558461289542

246 doodles the Ruffian (level 5, 0/53 HPs)
             Began as a Troll Fighter on Aug 23, 2021.
             Slain by a kobold (5 damage)
             ... on level 4 of the Dungeon.
             The game lasted 00:09:35 (2200 turns).

doodles the Ruffian (Troll Fighter)                 Turns: 2200, Time: 00:09:36

Health: 0/53       AC:  4    Str: 25    XL:     5   Next: 84%
Magic:  4/4        EV:  8    Int:  4    God:
Gold:   93         SH:  9    Dex:  9    Spells: 4/4 levels left

rFire    . . .     SeeInvis .     - Unarmed
rCold    . . .     Faith    .   b - +0 kite shield
rNeg     . . .     Spirit   .   a - +0 robe
rPois    .         Reflect  .   (helmet restricted)
rElec    .         Harm     .   (no cloak)
rCorr    .         Rampage  .   (gloves unavailable)
Will     .....                  (boots unavailable)
Stlth    +.........             (no amulet)
HPRegen  1.17/turn              (no ring)
MPRegen  0.09/turn              (no ring)

@: lethally poisoned (0 -> -1)
A: large, unfitting armour, claws 3, regeneration 1, shaggy fur 1, tough skin 1
a: no special abilities


You were on level 4 of the Dungeon.
You visited 1 branch of the dungeon, and saw 4 of its levels.

You collected 93 gold pieces.

Inventory:

Hand Weapons
 f - a +0 short sword of venom
 n - a +2 lajatang of electrocution
Armour
 a - a +0 robe (worn)
 b - a +0 kite shield (worn)
 l - a +0 ring mail
Jewellery
 p - a ring of magical power
Scrolls
 d - a scroll of fear {unknown}
 g - a scroll of enchant weapon {unknown}
 h - 3 scrolls of identify {unknown}
 i - 2 scrolls of immolation {unknown}
 j - a scroll of vulnerability {unknown}
 k - 3 scrolls of fog {unknown}
 m - a scroll of magic mapping {unknown}
 o - a scroll of teleportation {unknown}
Potions
 c - a potion of might
 e - a potion of resistance {unknown}


   Skills:
 + Level 3.1 Fighting
 + Level 3.3 Dodging
 + Level 0.5 Stealth
 + Level 3.2 Shields
 + Level 4.0 Unarmed Combat


You had 4 spell levels left.
You didn't know any spells.
Your spell library contained the following spells:

 Spells                   Type           Power      Damage    Failure   Level
 Blink                    Tloc           N/A        N/A       96%         2
 Lesser Beckoning         Tloc           0%         N/A       99%         3
 Manifold Assault         Tloc           0%         N/A       100%        5


Dungeon Overview and Level Annotations

Branches:
Dungeon (4/15)
 Temple: D:4-7

Altars:
Ashenzari


Innate Abilities, Weirdness & Mutations

You are too large for most types of armour.
You have claws for hands.
Your natural rate of healing is unusually fast.
You are covered in fur. (AC +1)
You have tough skin. (AC +1)


Message History

The scorpion is almost dead.
You feel sick. You block the scorpion's attack.
The kobold hits you with a +2 short sword of protection.
The scorpion stings you.
You are too injured to fight recklessly!
You are too injured to fight recklessly!
You are too injured to fight recklessly!
You are too injured to fight recklessly!
You are too injured to fight recklessly!
You feel sick.
You barely miss the scorpion.
The scorpion is almost dead.
You feel sick.
You are no longer poisoned.
The kobold hits you but does no damage. The scorpion stings you.
* * * LOW HITPOINT WARNING * * *
You are poisoned.
The scorpion poisons you!
Unknown command.
You closely miss the scorpion.
The scorpion is almost dead.
You feel very sick. The kobold hits you but does no damage.
The scorpion stings you.
* * * LOW HITPOINT WARNING * * *
The hobgoblin hits you.
* * * LOW HITPOINT WARNING * * *
Unknown command.
You claw the scorpion!
You kill the scorpion!
You feel sick. The kobold barely misses you.
The hobgoblin hits you but does no damage.
The kobold closely misses you.
Your Unarmed Combat skill increases to level 4!
You are too injured to fight recklessly!
You barely miss the kobold.
You feel sick. You block the hobgoblin's attack. The kobold barely misses you.
You barely miss the kobold.
You feel sick. The hobgoblin hits you.
* * * LOW HITPOINT WARNING * * *
The kobold hits you with a +2 short sword of protection.
You die...

##.....)....
.........#...
########.#...
###..#.####
###..)...#
###......#.#
###......#+#.#
###......###
#.#
###.@....###
#.. #..gK†.###
#.. #......###
#.## ##......
.# ##......
##......
##......
##......
##......


You could see a hobgoblin and a kobold.

Vanquished Creatures
  A scorpion (D:4)
  An iguana (D:3)
  Robin (D:3)
  5 adders
  3 worms
  3 dart slugs
  An orc (D:4)
  5 ball pythons
  7 bats
  9 endoplasms
  5 giant cockroaches
  12 goblins
  9 hobgoblins
  9 kobolds
  A quokka (D:2)
  4 frilled lizards
  9 rats
85 creatures vanquished.

Notes
Turn   | Place    | Note
-------+----------+-------------------------------------------
     0 | D:1      | doodles the Troll Fighter began the quest for the Orb.
     0 | D:1      | Reached XP level 1. HP: 22/22 MP: 0/0
   138 | D:1      | Reached XP level 2. HP: 29/29 MP: 1/1
   432 | D:1      | Reached XP level 3. HP: 36/36 MP: 2/2
   719 | D:2      | Found a faded altar of an unknown god.
  1191 | D:2      | Reached XP level 4. HP: 44/44 MP: 3/3
  1315 | D:2      | Found a broken altar of Ashenzari.
  1347 | D:2      | Reached skill level 3 in Unarmed Combat
  1512 | D:3      | Reached XP level 5. HP: 39/52 MP: 4/4
  1801 | D:3      | Noticed Robin
  1833 | D:3      | Killed Robin
  2199 | D:4      | Reached skill level 4 in Unarmed Combat
  2200 | D:4      | Slain by a kobold

Illustrated notes

Levels and vault maps discovered:
D:1:      evilmike_arrival_plus, layout_rooms, serial_aquarium,
          aquarium_bridge_straight [aquarium_subvault_bridge,
          aquarium_subvault_wall, aquarium_subvault_bridge,
          aquarium_subvault_wall], aquarium_window_corner, aquarium_window_fake,
          aquarium_view_2b, aquarium_pool_corner,
          corexii_item_surrounded_by_moat
D:2:      layout_loops_ring, chequers_ecumenical_altar_lobes, basic_altar,
          grunt_ministairs_9
D:3:      layout_loops_ring, uniq_robin
D:4:      minmay_razor_zed, layout_basic, kennysheep_generic_room_3,
          uniq_crazy_yiuf_cottage

Skill      XL: |  1  2  3  4  5 |
---------------+----------------+-----
Unarmed Combat | 3 4 |  4.0
Shields        | 3 |  3.2
Dodging        | 3 |  3.3
Fighting       | 3 |  3.1
Stealth        | |  0.5

Action                   |  1- 3 |  4- 6 || total
-------------------------+-------+-------++-------
Melee: Unarmed           |   132 |   121 ||   253
 Stab: Sleeping          |     1 |     1 ||     2
Armor: Robe              |    47 |    29 ||    76
Dodge: Dodged            |    44 |    38 ||    82
Block: Kite shield       |    52 |    63 ||   115
